Unix NetHack Version 5.0.0-0 post-release - last build May  4 2026 22:22:43 (774f63e81ad911689b3a0859ea89b322d5daca8d,branch:main).

Game began 2026-05-08 22:17:45, ended 2026-05-09 00:25:11.

Gary, lawful male human Samurai

                                                       --------------
                                                       |u...........|
                                                #######..............#
                                              0##      |............|#
                                                       ----.---------#
                                                           #         #
                                                           #         #
                                                           #         #
                                                          ##         ##
                                                          #           #
                                                         ##           #
                                     ------ -+-          #            ##
                                     |.........f@   -----.----         ##
                                     |........  ##  |.%......-          #-----
                                     |......     ###....<....|          #...{|
                                     |....          |..`.....|           |...|
                                     -----          ----------           -----

Gary the Ronin         St:15 Dx:16 Co:18 In:11 Wi:9 Ch:7  Lawful S:1510
Dlvl:7  $:470 HP:0(58) Pw:18(18) AC:4  Xp:5/185 T:2172  Burdened

Latest messages:
 You see here an egg.
 You find a hidden door.
 This door is locked.
 This door is locked.
 This door is locked.
 Pick a monster, object or location.
 You have a little trouble lifting $ - 13 gold pieces (470 in total).
 You find a hidden door.
 This door is locked.
 In what direction?
 As you kick the door, it crashes open!
 This door is locked.
 In what direction?
 As you kick the door, it crashes open!
 Pick a monster, object or location.
 You hit the coyote.
 The coyote bites!
 Pick a monster, object or location.
 You kill the coyote!
 You miss the giant ant.
 You miss the giant ant.
 The giant ant bites!
 The giant ant bites!
 You hit the giant ant!
 The giant ant bites!
 You hit the giant ant.
 The giant ant bites!
 You kill the giant ant!
 The jaguar misses!
 The jaguar hits!
 The jaguar misses!
 You hit the jaguar!
 The jaguar hits!
 The jaguar hits again!
 The jaguar bites!
 You hit the jaguar!
 The jaguar hits!
 The jaguar hits again!
 The jaguar bites!
 You miss the jaguar.
 The jaguar hits!
 The jaguar misses!
 The jaguar bites!
 The jaguar hits!
 The jaguar hits again!
 The jaguar bites!
 You hit the jaguar!
 The jaguar hits!
 The jaguar hits again!
 You die...

Inventory:
 Coins    ('$')
  $ - 470 gold pieces
 Amulets  ('"')
  D - a cursed amulet of change
  o - an uncursed amulet of guarding
 Weapons  (')')
  d - 41 +0 ya (in quiver)
  c - a +0 yumi (alternate weapon; not wielded)
  a - a +0 katana (weapon in right hand)
  b - a +0 wakizashi
 Armor    ('[')
  v - an uncursed +0 orcish helm
  E - a cursed -1 pair of iron shoes
  F - an uncursed +2 dwarvish cloak
  e - an uncursed rustproof +0 splint mail (being worn)
 Comestibles  ('%')
  t - an uncursed candy bar labeled "Om-nom"
  r - 2 uncursed cram rations
  B - an uncursed gunyoki
  p - an uncursed sprig of wolfsbane
  u - an uncursed tin of dried kobold meat
  n - an uncursed lichen corpse
 Scrolls  ('?')
  k - a cursed scroll of enchant weapon
  q - an uncursed scroll of fire
  C - an uncursed scroll of scare monster
 Spellbooks  ('+')
  l - an uncursed spellbook of healing
 Potions  ('!')
  s - an uncursed potion of blindness
  m - 2 uncursed potions of gain energy
  j - 4 uncursed potions of healing
  g - an uncursed potion of oil
  f - an uncursed potion of paralysis
  w - an uncursed potion of water
 Rings    ('=')
  h - a cursed -1 ring of adornment
 Gems/Stones  ('*')
  x - an uncursed worthless piece of violet glass
  i - an uncursed worthless piece of yellowish brown glass

Gary the Samurai's attributes:

Background:
 You were a Ronin, a level 5 male human Samurai.
 You were lawful, nominally on a mission for Amaterasu Omikami
 who was opposed by Raijin (neutral) and Susanowo (chaotic).
 You were right-handed.
 You were in the Dungeons of Doom, on level 7.
 You entered the dungeon 2172 turns ago.
 It was the midnight hour.
 You had 185 experience points, 135 more were needed to attain level 6.
 Your score was 1510 before end-of-game adjustments.

Basics:
 You had 0 out of 58 hit points.
 You had all 18 energy points (spell power).
 Your armor class was 4.
 Your wallet contained 470 zorkmids.
 Autopickup was on for '$' plus thrown.

Final Characteristics:
 Your strength was 15 (limit:18/100).
 Your dexterity was 16 (limit:18).
 Your constitution was 18 (limit:18).
 Your intelligence was 11 (limit:18).
 Your wisdom was 9 (limit:18).
 Your charisma was 7 (limit:18).

Final Status:
 You weren't hungry.
 You were burdened; movement was slightly slowed.
 You were wielding a long sword.
 You had basic skill with long sword.

Final Attributes:
 You were piously aligned.
 You were warded.
 You were fast.
 You are dead.

Miscellaneous:
 You didn't encounter any bones levels.
 Total elapsed playing time was 46 minutes and 46 seconds.

Major events:
 Turn
    1: Gary the lawful male human Samurai entered the dungeon
  755: entered the Gnomish Mines
  855: attained the rank of Ronin (level 3)
 2172: killed by a jaguar

You didn't know any spells.

Skills:
 Fighting Skills
   martial arts      [Basic]
   two weapon combat [Unskilled]
   riding            [Unskilled]
 Weapon Skills
   dagger            [Unskilled]
   knife             [Unskilled]
   short sword       [Basic]
   broadsword        [Unskilled]
   long sword        [Basic]
   two-handed sword  [Unskilled]
   saber             [Unskilled]
   flail             [Unskilled]
   quarterstaff      [Unskilled]
   polearms          [Unskilled]
   spear             [Unskilled]
   lance             [Unskilled]
   bow               [Basic]
   shuriken          [Unskilled]
 Spellcasting Skills
   attack spells     [Unskilled]
   divination spells [Unskilled]
   clerical spells   [Unskilled]

Voluntary challenges:
 Character rerolling was not enabled.
 You were an atheist.
 You were illiterate.
 You never genocided any monsters.
 You never polymorphed an object.
 You never changed form.
 You used no wishes.
Achievements:
 You entered a shop.
 You entered the Gnomish Mines.
 You attained the rank of Ronin.

 The Dungeons of Doom: levels 1 to 7
    Level 1:
    Level 2:
       A weapon shop.
    Level 3:
       Stairs down to The Gnomish Mines.
    Level 4:
       An armor shop, a fountain.
    Level 5:
    Level 6:
       Some fountains.
    Level 7: <- You were here.
       A fountain.
       Final resting place for
          you, killed by a jaguar.
 The Gnomish Mines:
    Level 4:


Vanquished creatures:
  a leprechaun
  a pony
  a giant ant
  a little dog
  a dwarf
  a kobold leader
  a rothe
  a rabid rat
 an iguana
  2 acid blobs
  a coyote
  a gas spore
  2 hobgoblins
  a giant rat
  2 yellow molds
  2 gnomes
  a gecko
  4 jackals
  a fox
  2 goblins
  a bat
  2 lichens
  4 newts
35 creatures vanquished.

No species were genocided or became extinct.

Game over:
                       ----------
                      /          \
                     /    REST    \
                    /      IN      \
                   /     PEACE      \
                  /                  \
                  |       Gary       |
                  |      470 Au      |
                  |   killed by a    |
                  |      jaguar      |
                  |                  |
                  |                  |
                  |       2026       |
                 *|     *  *  *      | *
        _________)/\\_//(\/(/\)/\//\/|_)_______

Sayonara Gary the Samurai...

You died in The Dungeons of Doom on dungeon level 7 with 1463 points,
and 470 pieces of gold, after 2172 moves.
You were level 5 with a maximum of 58 hit points when you died.

